 Dungeon Crawl Stone Soup version 0.28-a0-1447-ga5a8893891 (webtiles) character file.

Game seed: 7073878394693556139

202 bande the Covered (level 5, -1/33 HPs)
             Began as a Gargoyle Fighter on Jan 10, 2022.
             Slain by a river rat (3 damage)
             ... in a sewer.
             The game lasted 00:03:53 (2725 turns).

bande the Covered (Gargoyle Fighter)                Turns: 2725, Time: 00:03:53

Health: -1/33      AC: 13    Str: 20    XL:     5   Next: 80%
Magic:  5/5        EV:  7    Int:  8    God:
Gold:   100        SH:  4    Dex: 11    Spells: 4/4 levels left

rFire   . . .      SeeInvis .   a - +0 war axe
rCold   . . .      Faith    .   c - +0 buckler
rNeg    + . .      Spirit   .   f - +0 chain mail
rPois   ∞          Reflect  .   (no helmet)
rElec   +          Harm     .   (no cloak)
rCorr   .          Rampage  .   (no gloves)
Will    .....                   (no boots)
Stlth   ..........              (no amulet)
HPRegen 0.11/turn               (no ring)
MPRegen 0.09/turn               (no ring)

@: mighty, hasted, very quick
A: sickness immunity, AC +4, negative energy resistance 1, electricity
resistance, torment resistance 1, petrification resistance
a: no special abilities


You were in a sewer.
You visited 1 branch of the dungeon, and saw 3 of its levels.
You also visited: Sewer.

You collected 100 gold pieces.

Inventory:

Hand Weapons
 a - a +0 war axe (weapon)
 b - a +1 mace of draining
Armour
 c - a +0 buckler (worn)
 e - an orb of wrath
 f - a +0 chain mail (worn)
Scrolls
 g - a scroll of fog {unknown}
 h - a scroll of identify {unknown}
Potions
 d - a potion of might


   Skills:
 + Level 4.1 Fighting
 + Level 3.8 Axes
 + Level 4.2 Armour
 + Level 4.0 Shields


You had 4 spell levels left.
You didn't know any spells.
Your spell library was empty.

Dungeon Overview and Level Annotations

Branches:
Dungeon (3/15)              Sewer (1/1)

Altars:
Trog


Innate Abilities, Weirdness & Mutations

You are immune to sickness and miasma.
Your stone body is resilient. (AC +4)
You are immune to poison.
You resist negative energy. (rN+)
You are resistant to electric shocks. (rElec)
You are resistant to unholy torment.
You are immune to petrification.


Message History

You feel very mighty all of a sudden. The adder bites you but does no damage.
The adder bites you.
* * * LOW HITPOINT WARNING * * *
The river rat barely misses you. The river rat closely misses you.
The rat barely misses you.
Unknown command.
You slash the river rat!
The river rat is almost dead.
You barely miss the adder. You hit the rat.
You kill the rat!
You barely miss the adder. You hit the river rat but do no damage.
You barely miss the rat. The adder bites you but does no damage.
The adder closely misses you. You block the rat's attack.
The river rat bites you.
* * * LOW HITPOINT WARNING * * *
You barely miss the river rat.
The river rat is almost dead.
You miss the adder. You barely miss the rat. You slash the adder!
You kill the adder!
You barely miss the river rat. You hit the rat.
You kill the rat!
The adder bites you but does no damage.
The river rat bites you but does no damage.
The rat twitches its whiskers.
You block the rat's attack.
The river rat bites you but does no damage.
You slice the river rat!!
You kill the river rat!
You barely miss the river rat. You slash the rat!
You kill the rat!
You barely miss the adder. You block the adder's attack.
The river rat barely misses you. The adder bites you.
* * * LOW HITPOINT WARNING * * *
You barely miss the adder.
The adder is severely wounded.
You closely miss the river rat. The adder bites you but does no damage.
You miss the adder.
The adder is severely wounded.
You hit the river rat. The river rat bites you.
You die...

##.....≈≈≈≈≈
##.......≈≈....r
##.......≈≈≈≈....
##.........≈≈≈....
#..#......≈≈≈≈....
#.###.....≈≈≈.....
#∩###......≈≈.....
####÷...S≈.≈≈...#
##.÷r@†.≈≈≈≈.#
#.....†≈≈≈≈≈≈#
##......≈≈≈≈≈≈.#
#.......≈≈≈≈≈≈...
#.......≈≈≈≈≈≈...
#.....≈≈≈≈≈≈≈....
##.....≈≈≈≈≈≈≈...
##....≈≈≈≈≈≈≈≈..
#...≈≈≈≈≈≈≈≈#


You could see an adder and a river rat.

Vanquished Creatures
  Jessica (D:3)
  5 adders
  5 river rats (Sewer)
  2 worms
  2 orcs (D:3)
  9 bats
  6 endoplasms
  4 giant cockroaches
  4 goblins
  6 hobgoblins
  11 kobolds
  3 quokkas
  10 ball pythons
  2 frilled lizards (D:1)
  19 rats
89 creatures vanquished.

Notes
Turn   | Place    | Note
-------+----------+-------------------------------------------
     0 | D:1      | bande the Gargoyle Fighter began the quest for the Orb.
     0 | D:1      | Reached XP level 1. HP: 14/14 MP: 1/1
   273 | D:1      | Reached XP level 2. HP: 18/19 MP: 2/2
   602 | D:1      | Found a faded altar of an unknown god.
   748 | D:1      | Reached XP level 3. HP: 23/23 MP: 3/3
   891 | D:2      | Found a bloodstained altar of Trog.
  1734 | D:3      | Reached XP level 4. HP: 20/29 MP: 4/4
  2052 | D:3      | Noticed Jessica
  2055 | D:3      | Killed Jessica
  2109 | D:3      | Reached XP level 5. HP: 33/33 MP: 5/5
  2190 | D:3      | Found a glowing drain.
  2198 | Sewer    | Entered a sewer
  2725 | Sewer    | Slain by a river rat

Illustrated notes

Levels and vault maps discovered:
D:1:      lemuel_arrival_river_bridge, layout_basic,
          ebering_ecumenical_altar_ruins, corexii_leaking_fountain
D:2:      layout_basic, basic_altar, chequers_serial_rivers_large_a,
          minmay_diced_spiral
D:3:      layout_basic, gup_sewer_entry_pipe, uniq_jessica
Sewer:    sewer_minmay_treatment

Skill      XL: |  1  2  3  4  5 |
---------------+----------------+-----
Axes           | 2 3 |  3.8
Armour         | 4 |  4.2
Fighting       | 4 |  4.1
Shields        | 4 |  4.0

Action                   |  1- 3 |  4- 6 || total
-------------------------+-------+-------++-------
Melee: War axe           |   109 |   120 ||   229
  Use: Potion            |       |     2 ||     2
Armor: Scale mail        |    23 |       ||    23
       Chain mail        |    77 |   124 ||   201
Dodge: Dodged            |    57 |    62 ||   119
Block: Buckler           |    32 |    38 ||    70

Table legend: (Time is in decaauts)
 A = Elapsed time spent in this place.
 B = Non-inter-level travel time spent in this place.
 C = Inter-level travel time spent in this place.
 D = Time resting spent in this place.
 E = Time spent auto-exploring this place.
 F = Levels seen in this place.
 G = Mean time per level.
                   A        B        C        D        E       F      G
               +--------+--------+--------+--------+--------+-----+--------+
         Total |   2830 |   2818 |     12 |    329 |   1898 |   4 |  707.5 |
       Dungeon |   2287 |   2275 |     12 |      0 |   1781 |   3 |  762.3 |
         Sewer |    542 |    542 |      0 |    329 |    117 |   1 |  542.0 |
               +--------+--------+--------+--------+--------+-----+--------+

Top non-repeatable levels by time:
     D:1: 914 daAuts
     D:2: 855 daAuts
   Sewer: 542 daAuts
     D:3: 517 daAuts
